 Dungeon Sprint DCSS version 0.24.0-125-gc4c63601f3 (webtiles) character file.

Game seed: 13365208849737415908, levelgen mode: deterministic

286 McKennaii the Spear-Bearer (level 6, 0/53 HPs)
             Began as a Demonspawn Fighter on Mar 8, 2020.
             Was a Follower of Cheibriados.
             Slain by a troll (12 damage)
             ... in the Dungeon (Sprint IX: "|||||||||||||||||||||||||||||").
             The game lasted 00:01:58 (343 turns).

McKennaii the Spear-Bearer (Demonspawn Fighter)      Turns: 343, Time: 00:01:58

Health: 0/53       AC: 11    Str: 29    XL:     6   Next: 8%
Magic:  6/6        EV: 14    Int: 12    God:    Cheibriados [*.....]
Gold:   0          SH:  0    Dex: 16    Spells: 5/5 levels left

rFire    . . .     SeeInvis .   o - +2 halberd (venom)
rCold    . . .     Gourm    .   (shield currently unavailable)
rNeg     . . .     Faith    .   s - +1 scale mail
rPois    .         Spirit   .   (no helmet)
rElec    .         Reflect  .   q - +0 cloak
rCorr    .         Harm     .   (no gloves)
MR       .....     NoTele   +   p - +0 pair of boots
Stlth    ..........             (no amulet)
HPRegen  0.17/turn              b - +2 ring of evasion
MPRegen  0.10/turn              r - +3 ring of strength

@: mighty, very slow
A: hooves 1, demonic guardian 1, spiny 1
a: Bend Time, Renounce Religion


You were in the Dungeon.
You worshipped Cheibriados.
Cheibriados was aware of your devotion.
You were not hungry.

You visited 1 branch

Inventory:

Hand Weapons
 a - a +0 trident
 o - a +2 halberd of venom (weapon)
Armour
 c - a +0 shield
 p - a +0 pair of boots (worn)
 q - a +0 cloak (worn)
 s - a +1 scale mail (worn)
Jewellery
 b - a +2 ring of evasion (left hand)
 r - a +3 ring of strength (right hand)
Wands
 n - a wand of iceblast (10)
Scrolls
 k - 2 scrolls of blinking
 l - 3 scrolls of remove curse
 m - 2 scrolls of amnesia
Potions
 e - 5 potions of curing
 g - 2 potions of heal wounds
 h - a potion of haste
 i - 4 potions of magic
 j - a potion of invisibility
Comestibles
 f - a ration


   Skills:
 + Level 6.9 Fighting
 * Level 8.0 Polearms
 + Level 6.4 Armour
 + Level 2.5 Dodging
 - Level 2.6 Shields


You had 5 spell levels left.
You didn't know any spells.
Your spell library was empty.

Dungeon Overview and Level Annotations

Branches:
Dungeon (1/1)

Altars:
Cheibriados
Dithmenos
Elyvilon
Fedhas
Gozag
Hepliaklqana
Kikubaaqudgha
Makhleb
Nemelex Xobeh
Okawaru
Qazlal
Ru
Sif Muna
Trog
Uskayaw
Vehumet
Wu Jian
Xom
Yredelemnul
Zin
The Shining One
Beogh
Jiyva
Lugonu


Innate Abilities, Weirdness & Mutations

You have large cloven feet.
A weak demonic guardian rushes to your aid.
You are partially covered in sharp spines.


Message History

Aim: a troll (lightly wounded)
You could not reach far enough!
The troll barely misses your white imp. The troll misses your white imp.
The troll completely misses your white imp.
Your white imp closely misses the troll.
Attack whom?
Press: ? - help, Dir - move target cursor, f/p - troll
Aim: a troll (lightly wounded)
You reach to attack!
You slice the troll!!
The troll looks as sick as possible!
The troll is almost dead.
The troll bites your white imp but does no damage.
The troll claws your white imp. x2
Your white imp dies!
Attack whom?
Press: ? - help, Dir - move target cursor, f/p - troll
Aim: a troll (almost dead, poisoned)
You reach to attack!
You closely miss the troll.
The troll is almost dead.
The troll is struck by your spines. The troll bites you!
You die... ▓▓▓▓▓▓▓▓▓▓▓▓▓▓▓▓▓▓▓▓▓▓▓▓▓▓ _________'..|)..@TZZ...... ▓▓▓▓▓▓▓▓▓▓▓▓▓▓▓▓▓▓▓▓▓▓▓▓▓▓

You could see a troll, a giant cockroach zombie and a bat skeleton.

Vanquished Creatures
  An orc warrior (D)
  An ice beast (D)
  A bullfrog (D)
  A worker ant (D)
  An ooze (D)
  An adder zombie (D)
  A giant cockroach (D)
  2 goblins (D)
  A hobgoblin (D)
  A giant cockroach zombie (D)
  2 kobolds (D)
13 creatures vanquished.

Vanquished Creatures (others)
  A spatial maelstrom (D)
1 creature vanquished.

Grand Total: 14 creatures vanquished

Notes
Turn   | Place    | Note
-------+----------+-------------------------------------------
     0 | D        | McKennaii the Demonspawn Fighter began the quest for the
                  | Orb.
     0 | D        | Reached XP level 1. HP: 18/18 MP: 1/1
     7 | D        | Reached skill level 2 in Polearms
    19 | D        | Banished a spatial maelstrom
   215 | D        | Noticed a worker ant
   226 | D        | Gained mutation: You are partially covered in sharp spines.
                  | [demonic ancestry]
   226 | D        | Reached XP level 2. HP: 22/25 MP: 2/2
   230 | D        | Reached skill level 3 in Polearms
   230 | D        | Reached XP level 3. HP: 31/31 MP: 3/3
   231 | D        | Reached skill level 4 in Polearms
   241 | D        | Found a roughly hewn altar of Beogh.
   241 | D        | Found a snail-covered altar of Cheibriados.
   241 | D        | Found a shadowy altar of Dithmenos.
   241 | D        | Found a white marble altar of Elyvilon.
   241 | D        | Found a blossoming altar of Fedhas.
   241 | D        | Found an opulent altar of Gozag.
   242 | D        | Found a hazy altar of Hepliaklqana.
   243 | D        | Found a viscous altar of Jiyva.
   244 | D        | Found an ancient bone altar of Kikubaaqudgha.
   245 | D        | Became a worshipper of Cheibriados the Contemplative
   246 | D        | Found a corrupted altar of Lugonu.
   247 | D        | Found a burning altar of Makhleb.
   248 | D        | Found a sparkling altar of Nemelex Xobeh.
   249 | D        | Found an iron altar of Okawaru.
   250 | D        | Found a stormy altar of Qazlal.
   251 | D        | Found a sacrificial altar of Ru.
   252 | D        | Found a shimmering blue altar of Sif Muna.
   253 | D        | Found a bloodstained altar of Trog.
   254 | D        | Found a hide-covered altar of Uskayaw.
   255 | D        | Found a radiant altar of Vehumet.
   256 | D        | Found an ornate altar of the Wu Jian Council.
   257 | D        | Found a shimmering altar of Xom.
   258 | D        | Found a basalt altar of Yredelemnul.
   259 | D        | Found a glowing silver altar of Zin.
   260 | D        | Found a glowing golden altar of the Shining One.
   319 | D        | Noticed an ice beast
   319 | D        | Noticed an orc warrior
   319 | D        | Noticed a bullfrog
   319 | D        | Noticed a troll
   327 | D        | Killed an ice beast
   327 | D        | Reached skill level 5 in Fighting
   327 | D        | Reached skill level 6 in Polearms
   327 | D        | Reached skill level 5 in Armour
   327 | D        | Reached skill level 1 in Dodging
   327 | D        | Reached XP level 4. HP: 21/40 MP: 4/4
   331 | D        | Killed an orc warrior
   331 | D        | Reached * piety under Cheibriados
   331 | D        | Reached skill level 7 in Polearms
   331 | D        | Gained mutation: You have large cloven feet. [demonic
                  | ancestry]
   331 | D        | Reached XP level 5. HP: 12/47 MP: 5/5
   334 | D        | Reached skill level 8 in Polearms
   334 | D        | Gained mutation: A weak demonic guardian rushes to your
                  | aid. [demonic ancestry]
   334 | D        | Reached XP level 6. HP: 13/53 MP: 6/6
   343 | D        | Slain by a troll

Levels and vault maps discovered:
D:        linesprint [early_d, line_temple, items_1, d_10, items_2, lair_1,
          lair_end, items_3, orc_1, orc_end, items_4, d_15, swamp_1, shoals_1,
          snake_1, spider_1, d_20, vaults_1, items_5, swamp_end, shoals_end,
          snake_end, spider_end, vaults_end, d_27, items_6, zot_1, zot_end,
          crypt_end, forest_end, elf_end, slime_end, tomb_end, abyss_end,
          pan_hell_end]

Skill      XL: |  1  2  3  4  5 |
---------------+----------------+-----
Polearms       | 2 3 6 7 8 |  8.0
Armour         | 3 4 5 6 |  6.4
Fighting       | 4 5 6 |  6.9
Dodging        | 1 2 |  2.5
Shields        | |  2.6

Action                   |  1- 3 |  4- 6 || total
-------------------------+-------+-------++-------
Melee: Trident           |    39 |       ||    39
       Halberd           |     7 |    12 ||    19
  Use: Potion            |     2 |     1 ||     3
Armor: Scale mail        |    23 |     4 ||    27
Dodge: Dodged            |     8 |     8 ||    16
Block: Shield            |    13 |       ||    13
